 Dungeon Crawl Stone Soup version 0.29.1-1-gd02db6906a (webtiles) character file.

Game seed: 9463842455336602124

18753 LustLizard the Grappler (level 12, -4/122 HPs)
             Began as a Troll Fighter on Sept 21, 2022.
             Was an Elder of Wu Jian.
             Slain by Urug
             ... wielding a +1 demon trident of freezing
              (26 damage)
             ... on level 1 of the Lair of Beasts.
             The game lasted 00:21:08 (11277 turns).

LustLizard the Grappler (Troll Fighter)            Turns: 11277, Time: 00:21:09

Health: -4/122     AC: 10    Str: 27    XL:     12   Next: 30%
Magic:  11/11      EV: 12    Int:  8    God:    Wu Jian [****..]
Gold:   979        SH: 12    Dex: 18    Spells: 11/11 levels left

rFire   . . .      SeeInvis +     - Unarmed
rCold   . . .      Faith    .   b - +1 kite shield
rNeg    . . .      Spirit   .   y - +1 robe of Ohot {rPois Dex+3 SInv}
rPois   +          Reflect  .   (helmet restricted)
rElec   .          Harm     .   s - +0 cloak
rCorr   .          Rampage  .   (gloves unavailable)
Will    .....                   (boots unavailable)
Stlth   ++........              (no amulet)
HPRegen 1.10/turn               e - +6 ring of dexterity
MPRegen 0.12/turn               q - +4 ring of protection

@: no status effects
A: large, unfitting armour, claws 3, regeneration 1, shaggy fur 1, tough skin 1
a: Renounce Religion, Wall Jump, Serpent's Lash


You were on level 1 of the Lair of Beasts.
You worshipped Wu Jian.
Wu Jian was greatly pleased with you.
You visited 4 branches of the dungeon, and saw 15 of its levels.

You collected 979 gold pieces.

Inventory:

Hand Weapons
 R - a +3 falchion of flaming
Missiles
 d - 16 poisoned darts
 p - 31 stones (quivered)
 C - 11 curare-tipped darts
 D - a throwing net
Armour
 a - a +0 robe
 b - a +1 kite shield (worn)
 s - a +0 cloak (worn)
 y - the +1 robe of Ohot (worn) {rPois Dex+3 SInv}
   (You found it on level 5 of the Dungeon)

   Dex:       It affects your dexterity (+3).
   rPois:     It protects you from poison.
   SInv:      It lets you see invisible.
 J - +0 steam dragon scales
Jewellery
 e - a +6 ring of dexterity (left claw)
 q - a +4 ring of protection (right claw)
 v - the amulet of Niogojad {Spirit Harm rN+ Int+4}
   (You found it on level 6 of the Dungeon)

   [amulet of guardian spirit]

   It causes incoming damage to be divided between your reserves of health and
   magic.
   Int:       It affects your intelligence (+4).
   rN:        It protects you from negative energy.
   Harm:      It increases damage dealt and taken.
 w - a +6 ring of intelligence
 H - a ring of see invisible
 K - a ring of ice
Wands
 A - a wand of light (7)
 F - a wand of charming (5)
 M - a wand of polymorph (4)
Scrolls
 f - a scroll of blinking
 g - a scroll of immolation
 h - 6 scrolls of teleportation
 i - a scroll of torment
 k - 2 scrolls of butterflies
 l - 3 scrolls of amnesia
 m - 2 scrolls of noise
 u - 4 scrolls of magic mapping
 x - 3 scrolls of fear
 z - 2 scrolls of enchant armour
 G - 2 scrolls of poison
Potions
 c - 2 potions of might
 j - 3 potions of ambrosia
 n - 2 potions of flight
 o - a potion of curing
 r - 5 potions of attraction
 t - 3 potions of cancellation
 B - a potion of magic
 E - a potion of degeneration
 I - a potion of haste
 L - 4 potions of berserk rage
 O - 2 potions of mutation
 P - a potion of lignification
 Q - a potion of invisibility {unknown}
Miscellaneous
 N - a tin of tremorstones (2/2)


   Skills:
 + Level 8.6 Fighting
 + Level 6.0 Dodging
 + Level 9.4 Shields
 * Level 13.9 Unarmed Combat


You had 11 spell levels left.
You didn't know any spells.
Your spell library contained the following spells:

 Spells                   Type           Power      Damage    Failure   Level
 Foxfire                  Conj/Fire      0%         2x1d4     63%         1
 Blink                    Tloc           0%         N/A       77%         2
 Conjure Flame            Conj/Fire      0%         6-21      94%         3
 Ignite Poison            Fire/Tmut/Pois 0%         N/A       94%         3
 Inner Flame              Hex/Fire       0%         N/A       94%         3
 Lesser Beckoning         Tloc           0%         N/A       94%         3
 Mephitic Cloud           Conj/Pois/Air  0%         N/A       94%         3
 Flame Wave               Conj/Fire      0%         2d4       100%        4
 Passage of Golubria      Tloc           0%         N/A       100%        4
 Petrify                  Tmut/Erth      0%         N/A       100%        4
 Sticky Flame             Conj/Fire      0%         2d3       100%        4
 Freezing Cloud           Conj/Ice/Air   0%         6-21      100%        5
 Manifold Assault         Tloc           0%         N/A       100%        5
 Metabolic Englaciation   Hex/Ice        0%         N/A       100%        5
 Silence                  Hex/Air        0%         N/A       100%        5
 Statue Form              Tmut/Erth      0%         N/A       100%        6
 Malign Gateway           Summ/Tloc      0%         N/A       100%        7
 Lehudib's Crystal Spear  Conj/Erth      0%         10d2      100%        8
 Summon Horrible Things   Summ           0%         N/A       100%        8


Dungeon Overview and Level Annotations

Branches:
Dungeon (12/15)            Temple (1/1) D:4            Lair (1/5) D:9
    Orc (1/2) D:12

Altars:
Ashenzari
Cheibriados
Dithmenos
Elyvilon
Fedhas
Gozag
Hepliaklqana
Kikubaaqudgha
Nemelex Xobeh
Okawaru
Qazlal
Ru
Sif Muna
Trog
Uskayaw
Wu Jian
Xom
Yredelemnul
Zin
The Shining One

Shops:
D:8 [   D:10 [

Portals:
Trove: D:12 (give 12 potions of heal wounds)

Annotations:
D:9 Gastronok
D:11 exclusion: hydra
D:12 2 transporters, Icepheonix32's ghost, journeyman MiFi; Jorgrun
Lair:1 Urug
Orc:1 Maurice


Innate Abilities, Weirdness & Mutations

You are too large for most types of armour.
You have claws for hands.
Your natural rate of healing is unusually fast.
You are covered in fur. (AC +1)
You have tough skin. (AC +1)


Message History

You now have 958 gold pieces (gained 21).
A river rat is nearby!
The river rat twitches its whiskers.
You lunge at the river rat.
You barely miss the river rat.
The river rat bites you but does no damage.
You scratch the river rat but do no damage.
The river rat bites you.
You scratch the river rat.
The river rat is heavily wounded.
You claw the river rat!
You kill the river rat!
The Council accepts your kill.
You now have 979 gold pieces (gained 21).
Found a club.
Found a scale mail.
Urug the Orcish Ballista comes into view.
She is wielding a +1 demon trident of freezing and wearing a +3 chain mail of poison resistance.
Urug shouts!
Urug is nearby!
Urug throws a javelin.
The javelin pierces through you!
Urug throws a javelin.
The javelin closely misses you.
You lunge at Urug.
You mangle Urug!!
Urug is moderately wounded.
Urug hits you with a +1 demon trident of freezing!!
Urug freezes you!
You claw Urug!
Urug is moderately wounded.
Urug hits you with a +1 demon trident of freezing!!
Urug freezes you.
You are too injured to fight recklessly!
You are too injured to fight recklessly!
You barely miss Urug.
Urug is moderately wounded.
Urug hits you with a +1 demon trident of freezing!!
* * * LOW HITPOINT WARNING * * *
Urug freezes you!
* * * LOW HITPOINT WARNING * * *
You scratch Urug.
Urug is moderately wounded.
Urug hits you with a +1 demon trident of freezing!!
You die...

...# ##... #.
....###### ....
........# ..... ..
#......# ...... ...
#......## ...........
#...o...#
...........##...@..#
............)......#
...............#...#
...................#
...............#...#
...............##..P#
...............# ..##
..............## ##.#
######.P......# ##


You could see Urug.

Vanquished Creatures
  Josephine (D:12)
  A boulder beetle (D:12)
  A hydra (Lair:1)
  3 two-headed ogres
  Nergalle (D:10)
  4 skeletal warriors (D:12)
  A deep elf pyromancer (D:12)
  Pikel (D:6)
  2 black mambas (Lair:1)
  A cane toad (Lair:1)
  2 unseen horrors
  A gargoyle (D:11)
  A komodo dragon (Lair:1)
  3 meliai (D:12)
  3 trolls
  2 shadows
  Sigmund (D:6)
  A vampire (D:11)
  10 yaks
  3 wraiths (D:12)
  3 vampire mosquitoes (D:12)
  A wyvern (D:8)
  4 steam dragons
  An acid dragon (D:12)
  A water moccasin (D:8)
  3 black bears
  9 orc warriors
  The ghost of TheSexyCheese the Trooper, an amateur PaBe of Trog (D:3)
  6 ogres
  2 centaurs
  3 lemures (D:6)
  2 phantoms (D:4)
  9 bullfrogs
  3 scorpions
  A gnoll sergeant (D:12)
  A necrophage (D:4)
  10 wights
  2 howler monkeys
  An electric eel (D:12)
  4 hounds
  2 jellies (D:5)
  10 orc priests
  Crazy Yiuf (D:7)
  2 iguanas (D:5)
  Jessica (D:2)
  2 hell rats
  6 orc wizards
  14 gnolls
  5 adders
  4 river rats (Lair:1)
  2 white imps
  2 worms (D:3)
  3 dart slugs
  41 orcs
  A ball python (D:2)
  6 bats
  6 endoplasms
  2 giant cockroaches
  5 hobgoblins
  3 quokkas
  A frilled lizard (D:1)
  3 goblins
  6 kobolds
  4 rats
242 creatures vanquished.

Vanquished Creatures (others)
  3 fungi (Lair:1)
  2 plants (Lair:1)
5 creatures vanquished.

Grand Total: 247 creatures vanquished

Notes
Turn   | Place    | Note
-------+----------+-------------------------------------------
     0 | D:1      | LustLizard the Troll Fighter began the quest for the Orb.
     0 | D:1      | Reached XP level 1. HP: 22/22 MP: 0/0
   101 | D:1      | Found a faded altar of an unknown god.
   518 | D:2      | Reached XP level 2. HP: 28/29 MP: 1/1
   678 | D:2      | Reached XP level 3. HP: 32/36 MP: 2/2
   790 | D:2      | Noticed Jessica
   795 | D:2      | Killed Jessica
   796 | D:2      | Reached skill level 3 in Unarmed Combat
  1039 | D:3      | Reached XP level 4. HP: 42/44 MP: 3/3
  1307 | D:3      | Found a blossoming altar of Fedhas.
  1419 | D:3      | Found a transporter.
  1482 | D:3      | Noticed TheSexyCheese's ghost (amateur PaBe)
  1486 | D:3      | Identified the +3 dire flail "Ysyitani" {drain, rF+ Dex+2}
  1486 | D:3      | Noticed an ogre
  1486 | D:3      | Noticed an ogre
  1652 | D:3      | Found a transporter.
  1754 | D:4      | Noticed a phantom
  1771 | D:4      | Killed a phantom
  1772 | D:4      | Reached skill level 4 in Unarmed Combat
  1772 | D:4      | Reached XP level 5. HP: 51/53 MP: 4/4
  1865 | D:4      | Found a staircase to the Ecumenical Temple.
  1890 | Temple   | Entered the Ecumenical Temple
  1890 | Temple   | Noticed a reaper
  1890 | Temple   | Noticed a Tzitzimitl
  1890 | Temple   | Noticed a smoke demon
  1891 | Temple   | Noticed an Executioner
  1891 | Temple   | Noticed Hajiwo the pandemonium lord
  1891 | Temple   | Noticed Ryebit the pandemonium lord
  1891 | Temple   | Noticed a hellion
  1891 | Temple   | Noticed a blizzard demon
  1921 | Temple   | Noticed Zuibol the pandemonium lord
  1937 | Temple   | Noticed a tormentor
  1937 | Temple   | Noticed Taohenat the pandemonium lord
  1947 | Temple   | Noticed Simej the pandemonium lord
  1952 | Temple   | Noticed a chaos spawn
  1955 | Temple   | Noticed a sun demon
  1956 | Temple   | Noticed an ice devil
  1966 | Temple   | Became a worshipper of the Wu Jian Council
  1968 | Temple   | Noticed Laybiu the pandemonium lord
  1969 | Temple   | Noticed a Hell Sentinel
  1989 | D:4      | Noticed an ogre
  2002 | D:4      | Killed an ogre
  2003 | D:4      | Reached skill level 5 in Unarmed Combat
  2003 | D:4      | Reached XP level 6. HP: 48/61 MP: 5/5
  2143 | D:4      | Found a sparkling altar of Nemelex Xobeh.
  2590 | D:5      | Entered Level 5 of the Dungeon
  2617 | D:5      | Reached XP level 7. HP: 68/68 MP: 6/6
  2823 | D:5      | Reached skill level 6 in Unarmed Combat
  2964 | D:5      | Identified the +1 robe of Ohot {rPois Dex+3 SInv}
  3130 | D:5      | Reached * piety under Wu Jian
  3289 | D:5      | Found a glowing golden altar of the Shining One.
  3411 | D:6      | Reached skill level 5 in Shields
  3411 | D:6      | Reached XP level 8. HP: 79/79 MP: 7/7
  3419 | D:6      | Reached skill level 7 in Unarmed Combat
  3500 | D:6      | Noticed Sigmund
  3515 | D:6      | Killed Sigmund
  3767 | D:6      | Reached skill level 5 in Fighting
  4007 | D:6      | Noticed Pikel
  4016 | D:6      | Killed Pikel
  4017 | D:6      | Reached skill level 8 in Unarmed Combat
  4054 | D:6      | Identified the amulet of Niogojad {Spirit Harm rN+ Int+4}
  4200 | D:7      | Found a sacrificial altar of Ru.
  4267 | D:7      | Reached XP level 9. HP: 83/88 MP: 8/8
  4361 | D:7      | You fall into a shaft and drop 1 floor!
  4461 | D:7      | Found a runed translucent door.
  4462 | D:7      | Noticed Crazy Yiuf
  4601 | D:7      | Found a hazy altar of Hepliaklqana.
  4944 | D:7      | Killed Crazy Yiuf
  5180 | D:3      | Killed TheSexyCheese's ghost
  5185 | D:3      | Reached skill level 9 in Unarmed Combat
  5424 | D:8      | Found a broken altar of Ashenzari.
  5594 | D:8      | Reached ** piety under Wu Jian
  5839 | D:8      | Reached skill level 10 in Unarmed Combat
  6085 | D:8      | Found Xoummel's Armour Emporium.
  6162 | D:9      | Found a shadowy altar of Dithmenos.
  6257 | D:9      | Reached XP level 10. HP: 100/100 MP: 9/9
  6291 | D:9      | Noticed a two-headed ogre
  6305 | D:9      | Killed a two-headed ogre
  6400 | D:9      | Noticed Gastronok
  6502 | D:9      | Reached skill level 11 in Unarmed Combat
  6613 | D:9      | Noticed a two-headed ogre
  6635 | D:9      | Killed a two-headed ogre
  6786 | D:9      | Found a staircase to the Lair.
  6984 | D:10     | Entered Level 10 of the Dungeon
  7144 | D:10     | Found a snail-covered altar of Cheibriados.
  7145 | D:10     | Found Cheibriados's Comfort Zone.
  7312 | D:10     | Noticed Nergalle
  7315 | D:10     | Noticed a two-headed ogre
  7480 | D:10     | Killed a two-headed ogre
  7481 | D:10     | Reached XP level 11. HP: 79/109 MP: 10/10
  7545 | D:10     | Reached skill level 12 in Unarmed Combat
  7557 | D:10     | Reached *** piety under Wu Jian
  7581 | D:10     | Killed Nergalle
  8377 | D:11     | Noticed a six-headed hydra
  8693 | Lair:1   | Entered Level 1 of the Lair of Beasts
  8834 | Lair:1   | Noticed a seven-headed hydra
  8998 | D:12     | Noticed a centaur warrior
  8999 | D:12     | Found a transporter.
  8999 | D:12     | Noticed an ettin
  9000 | D:12     | Noticed a boulder beetle
  9002 | D:12     | Noticed Icepheonix32's ghost (journeyman MiFi)
  9005 | D:12     | Noticed a two-headed ogre
  9005 | D:12     | a faun changed into a two-headed ogre
  9006 | D:12     | Noticed a deep troll
  9006 | D:12     | a two-headed ogre changed into a deep troll
  9007 | D:12     | a deep troll changed into an eye of devastation
  9034 | D:12     | Noticed a fire crab
  9035 | D:12     | a fire crab changed into a floating eye
  9041 | D:12     | Noticed a skeletal warrior
  9045 | D:12     | Found a transporter.
  9063 | D:12     | Killed a skeletal warrior
  9064 | D:12     | Noticed a swamp dragon
  9064 | D:12     | a tarantella changed into a swamp dragon
  9072 | D:12     | a swamp dragon changed into an eye of devastation
  9192 | D:12     | Noticed a deep elf pyromancer
  9200 | D:12     | Killed a deep elf pyromancer
  9221 | D:12     | Reached skill level 5 in Dodging
  9332 | D:12     | Noticed Josephine
  9352 | D:12     | Killed Josephine
  9353 | D:12     | Reached skill level 13 in Unarmed Combat
  9419 | D:12     | Noticed Jorgrun
  9533 | D:12     | Noticed a boulder beetle
  9533 | D:12     | Reached **** piety under Wu Jian
  9549 | D:12     | Killed a boulder beetle
  9649 | D:12     | Noticed a skeletal warrior
  9649 | D:12     | Noticed a skeletal warrior
  9649 | D:12     | Noticed a skeletal warrior
  9668 | D:12     | Noticed a sea snake
  9668 | D:12     | a merfolk changed into a sea snake
  9833 | D:12     | Found a portal to a secret trove of treasure.
  9892 | D:12     | Found a staircase to the Orcish Mines.
  9993 | D:12     | Killed a skeletal warrior
  9994 | D:12     | Reached XP level 12. HP: 36/122 MP: 11/11
 10419 | Orc:1    | Entered Level 1 of the Orcish Mines
 10492 | Orc:1    | Noticed Maurice
 10674 | Lair:1   | Killed a one-headed hydra
 11270 | Lair:1   | Noticed Urug
 11277 | Lair:1   | Slain by Urug

Illustrated notes

Levels and vault maps discovered:
D:1:      dpeg_chamrin_arrival_tetris, layout_rooms,
          shapermc_ecumenical_altar_totnotflames
D:2:      layout_basic, uniq_jessica
D:3:      layout_loops_cross, fedhas_altar_2, gammafunk_ghost_smash
D:4:      layout_loops_ring, mainiacjoe_overflow_six_doors_small,
          minmay_temple_entry_antechambers
D:5:      layout_loops_cross, tso_oasis_becter, nicolae_elevator_lobby_asterisk
D:6:      layout_gridville, uniq_pikel, uniq_sigmund
D:7:      layout_basic, lemuel_doored_altar, mainiacjoe_overflow_alcove_4,
          chequers_serial_rivers_large_a, uniq_crazy_yiuf_cottage
D:8:      layout_basic, nicolae_overflow_crystal_walls, serial_shops, shop
D:9:      layout_basic, nicolae_dithmenos_through_a_glass_darkly,
          grunt_lair_entry_orc_guard_hut, uniq_gastronok
D:10:     layout_loops_ring, minmay_shop_chei, uniq_nergalle
D:11:     layout_irregular_city
D:12:     layout_long_grid, erik_orc_2, nicolae_trove_entry_diagonal,
          gammafunk_ghost_arena, uniq_jorgrun, uniq_josephine
Temple:   nicolae_temple_panitentiary
Lair:1:   layout_cave_pods, kennysheep_abandoned_house, grunt_megastairs_4,
          lemuel_fruit_fields, uniq_urug
Orc:1:    layout_diamond_mine, uniq_maurice

Skill      XL: |  1  2  3  4  5  6  7  8  9 10 11 12 |
---------------+-------------------------------------+-----
Shields        | 3 4 5 6 7 8 9 |  9.4
Unarmed Combat | 3 4 5 6 8 10 11 13 | 13.9
Fighting       | 3 4 5 6 7 8 |  8.6
Dodging        | 4 5 6 |  6.0

Action                   |  1- 3 |  4- 6 |  7- 9 | 10-12 || total
-------------------------+-------+-------+-------+-------++-------
Melee: Unarmed           |    78 |    98 |   221 |   419 ||   816
       Falchion          |       |       |       |     8 ||     8
Throw: Dart              |       |     9 |       |    19 ||    28
       Stone             |       |       |       |    22 ||    22
Invok: Lunge             |       |     2 |    22 |    47 ||    71
       Whirlwind         |       |       |    12 |    26 ||    38
  Use: Scroll            |     3 |     3 |     3 |    19 ||    28
       Potion            |       |       |       |     4 ||     4
 Stab: Distracted        |     1 |       |       |       ||     1
       Sleeping          |       |       |     2 |     3 ||     5
Armor: Robe              |    36 |    35 |    41 |    82 ||   194
Dodge: Dodged            |    18 |    31 |    41 |   132 ||   222
Block: Kite shield       |    34 |    38 |    85 |   213 ||   370
